[ AOE2 MATCH · #481484591 ]
UnrankedFranks vs Britons
[ REPLAY ANALYSIS · EXTRACTED FROM THE RECORDED GAME ]
Feudal
10:09
Castle
20:46
Imperial
41:41
| APM avg | 71.3 |
| APM peak | 160 |
| eAPM avg | 25.9 |
| Villagers / military | 178 / 193 |
Focus
⚔️ 24.8% · 🌾 75.2%
Knight ×116 · Skirmisher ×57 · Trebuchet (Packed) ×8 · Monk ×5 · Scout Cavalry ×5 · Spearman ×1
Feudal
9:58
Castle
20:56
Imperial
43:07
| APM avg | 27.4 |
| APM peak | 73 |
| eAPM avg | 15.8 |
| Villagers / military | 135 / 150 |
Focus
⚔️ 29.9% · 🌾 70.1%
Archer ×144 · Trebuchet (Packed) ×4 · Spearman ×2
Feudal
12:35
Castle
19:43
Imperial
47:04
| APM avg | 32.4 |
| APM peak | 116 |
| eAPM avg | 10.7 |
| Villagers / military | 97 / 82 |
Focus
⚔️ 29.6% · 🌾 70.4%
Woad Raider ×50 · Scorpion ×19 · Knight ×5 · Militia ×4 · Mangonel ×2 · Battering Ram ×1
Feudal
11:45
Castle
25:19
Imperial
44:19
| APM avg | 15.0 |
| APM peak | 34 |
| eAPM avg | 9.7 |
| Villagers / military | 86 / 103 |
Focus
⚔️ 35.0% · 🌾 65.0%
Genoese Crossbowman ×79 · Bombard Cannon ×11 · Archer ×7 · Spearman ×6
Match map
Initial resources + every placement click. Lines = walls · curves = elevation contours. ◆ gold · ⬟ stone · ● berries · ✦ relic · ◌ wall gap
Your base· Open — 4t gap
wdimateo's base· Open — 1t gap
Ashen One's base· Open — 6t gap
mano's base· Open — 5t gap
Smoothed initial terrain · ◌ = detected wall gap · hover for details
Inputs per minute
— 7928adam - - wdimateo
Build order — 7928adam
First 150 of 517 actions detected
| 0:01 | Create | Villager (Male) |
| 0:01 | Create | Villager (Male) |
| 0:01 | Create | Villager (Male) |
| 0:02 | Build | House |
| 0:03 | Build | House |
| 0:35 | Create | Villager (Male) |
| 0:35 | Create | Villager (Male) |
| 1:29 | Create | Villager (Male) |
| 1:29 | Create | Villager (Male) |
| 1:44 | Build | Lumber Camp |
| 2:05 | Create | Villager (Male) |
| 2:05 | Create | Villager (Male) |
| 2:13 | Create | Villager (Male) |
| 2:13 | Create | Villager (Male) |
| 2:49 | Create | Villager (Male) |
| 2:49 | Create | Villager (Male) |
| 3:23 | Create | Villager (Male) |
| 3:24 | Create | Villager (Male) |
| 3:42 | Create | Villager (Male) |
| 3:42 | Create | Villager (Male) |
| 3:58 | Build | House |
| 4:00 | Build | House |
| 4:06 | Create | Villager (Male) |
| 4:07 | Create | Villager (Male) |
| 4:27 | Build | Mill |
| 4:36 | Create | Villager (Male) |
| 4:36 | Create | Villager (Male) |
| 4:36 | Create | Villager (Male) |
| 5:16 | Create | Villager (Male) |
| 5:16 | Create | Villager (Male) |
| 5:16 | Create | Villager (Male) |
| 5:17 | Create | Villager (Male) |
| 6:34 | Create | Villager (Male) |
| 6:34 | Create | Villager (Male) |
| 6:48 | Research | Loom |
| 7:37 | Research | Feudal Age |
| 7:42 | Build | Lumber Camp |
| 7:48 | Build | House |
| 7:52 | Build | Palisade Wall |
| 7:57 | Create | Villager (Male) |
| 8:53 | Build | Barracks |
| 9:18 | Build | Palisade Wall |
| 9:28 | Create | Villager (Male) |
| 9:37 | Build | Palisade Wall |
| 10:09 | Age | Feudal Age |
| 10:13 | Build | Stable |
| 10:19 | Create | Spearman |
| 10:46 | Build | Palisade Wall |
| 10:51 | Build | Palisade Wall |
| 10:53 | Create | Scout Cavalry |
| 11:10 | Build | Farm |
| 11:12 | Build | Farm |
| 11:14 | Create | Villager (Male) |
| 11:15 | Create | Villager (Male) |
| 11:17 | Build | Farm |
| 11:18 | Create | Scout Cavalry |
| 11:19 | Create | Scout Cavalry |
| 11:21 | Build | Farm |
| 11:26 | Create | Scout Cavalry |
| 11:43 | Create | Villager (Male) |
| 11:47 | Build | Farm |
| 11:52 | Research | Double-Bit Axe |
| 12:07 | Build | House |
| 12:30 | Build | Farm |
| 12:33 | Build | Farm |
| 12:37 | Build | Farm |
| 12:47 | Create | Scout Cavalry |
| 12:48 | Create | Villager (Male) |
| 13:08 | Create | Villager (Male) |
| 13:10 | Build | House |
| 13:16 | Build | Farm |
| 13:19 | Build | Farm |
| 13:23 | Build | Farm |
| 13:24 | Create | Villager (Male) |
| 13:52 | Create | Villager (Male) |
| 13:52 | Create | Villager (Male) |
| 14:08 | Create | Villager (Male) |
| 14:08 | Create | Villager (Male) |
| 14:42 | Build | Farm |
| 14:44 | Build | Farm |
| 14:48 | Build | Farm |
| 14:50 | Build | Farm |
| 14:50 | Create | Villager (Male) |
| 14:54 | Build | House |
| 15:16 | Build | Mining Camp |
| 15:26 | Build | Farm |
| 15:26 | Build | Farm |
| 15:53 | Create | Villager (Male) |
| 15:53 | Create | Villager (Male) |
| 15:53 | Create | Villager (Male) |
| 15:53 | Create | Villager (Male) |
| 16:19 | Research | Wheelbarrow |
| 16:53 | Build | Blacksmith |
| 18:02 | Create | Villager (Male) |
| 18:06 | Research | Castle Age |
| 18:07 | Research | Castle Age |
| 18:16 | Build | Market |
| 18:21 | Build | House |
| 18:23 | Build | House |
| 18:24 | Build | House |
| 18:25 | Build | House |
| 18:53 | Build | Stable |
| 19:18 | Build | Stable |
| 19:20 | Build | Stable |
| 20:24 | Build | Market |
| 20:46 | Build | Farm |
| 20:46 | Build | Farm |
| 20:46 | Age | Castle Age |
| 20:50 | Create | Knight |
| 20:51 | Create | Knight |
| 20:51 | Create | Villager (Male) |
| 20:51 | Create | Villager (Male) |
| 20:51 | Create | Villager (Male) |
| 20:52 | Create | Villager (Male) |
| 20:52 | Create | Villager (Male) |
| 21:03 | Build | Farm |
| 21:10 | Create | Knight |
| 21:11 | Create | Knight |
| 21:17 | Create | Knight |
| 21:17 | Create | Knight |
| 21:27 | Research | Scale Barding Armor |
| 21:36 | Create | Knight |
| 21:36 | Create | Knight |
| 21:41 | Research | Bow Saw |
| 22:23 | Create | Villager (Male) |
| 22:37 | Create | Villager (Male) |
| 22:38 | Create | Villager (Male) |
| 22:39 | Create | Knight |
| 22:40 | Create | Knight |
| 22:42 | Create | Knight |
| 22:42 | Create | Knight |
| 22:57 | Build | Palisade Wall |
| 23:26 | Build | Town Center |
| 23:34 | Create | Villager (Male) |
| 23:35 | Create | Villager (Male) |
| 23:37 | Create | Knight |
| 23:37 | Create | Knight |
| 23:46 | Create | Knight |
| 23:46 | Create | Knight |
| 24:03 | Build | Palisade Gate |
| 24:09 | Create | Villager (Male) |
| 24:09 | Create | Villager (Male) |
| 24:11 | Research | Forging |
| 24:13 | Create | Knight |
| 24:13 | Create | Knight |
| 24:17 | Create | Knight |
| 24:18 | Create | Knight |
| 24:19 | Research | Gold Mining |
| 24:19 | Research | Gold Mining |
| 24:51 | Build | Palisade Wall |
Build order — wdimateo
First 150 of 415 actions detected
| 0:04 | Build | House |
| 0:05 | Build | House |
| 0:06 | Create | Villager (Male) |
| 0:06 | Create | Villager (Male) |
| 0:07 | Create | Villager (Male) |
| 0:07 | Create | Villager (Male) |
| 1:24 | Create | Villager (Male) |
| 1:24 | Create | Villager (Male) |
| 1:26 | Build | Lumber Camp |
| 1:52 | Create | Villager (Male) |
| 2:11 | Create | Villager (Male) |
| 2:39 | Create | Villager (Male) |
| 2:40 | Create | Villager (Male) |
| 3:02 | Create | Villager (Male) |
| 3:32 | Build | House |
| 3:41 | Create | Villager (Male) |
| 3:41 | Create | Villager (Male) |
| 3:41 | Create | Villager (Male) |
| 4:25 | Build | Mill |
| 4:47 | Create | Villager (Male) |
| 4:47 | Create | Villager (Male) |
| 5:18 | Create | Villager (Male) |
| 5:18 | Create | Villager (Male) |
| 5:18 | Create | Villager (Male) |
| 6:09 | Create | Villager (Male) |
| 6:09 | Create | Villager (Male) |
| 6:14 | Research | Loom |
| 7:48 | Research | Feudal Age |
| 7:58 | Build | Barracks |
| 8:01 | Build | House |
| 8:45 | Create | Villager (Male) |
| 8:45 | Create | Villager (Male) |
| 8:45 | Create | Villager (Male) |
| 8:57 | Build | Palisade Wall |
| 9:19 | Build | House |
| 9:58 | Age | Feudal Age |
| 10:06 | Build | Archery Range |
| 10:19 | Research | Double-Bit Axe |
| 10:23 | Research | Horse Collar |
| 10:27 | Build | Mining Camp |
| 10:36 | Build | Palisade Gate |
| 10:55 | Create | Villager (Male) |
| 10:55 | Create | Villager (Male) |
| 11:05 | Create | Spearman |
| 11:05 | Create | Spearman |
| 11:08 | Create | Archer |
| 11:22 | Build | Farm |
| 11:40 | Build | Farm |
| 11:41 | Create | Villager (Male) |
| 11:47 | Build | Farm |
| 11:49 | Create | Villager (Male) |
| 11:57 | Build | House |
| 12:10 | Create | Archer |
| 12:20 | Build | Palisade Wall |
| 12:23 | Create | Villager (Male) |
| 12:42 | Create | Villager (Male) |
| 12:44 | Build | Farm |
| 13:01 | Create | Archer |
| 13:01 | Create | Archer |
| 13:01 | Create | Archer |
| 13:24 | Build | House |
| 13:36 | Build | Farm |
| 13:55 | Build | Market |
| 13:59 | Create | Villager (Male) |
| 14:00 | Create | Villager (Male) |
| 14:04 | Create | Archer |
| 14:04 | Create | Archer |
| 14:04 | Create | Archer |
| 14:28 | Build | Farm |
| 14:31 | Build | Farm |
| 15:20 | Build | Farm |
| 15:24 | Build | Farm |
| 15:26 | Build | Farm |
| 15:31 | Build | Farm |
| 15:39 | Build | Farm |
| 15:56 | Build | Farm |
| 16:06 | Create | Villager (Male) |
| 16:09 | Build | House |
| 16:17 | Build | Watch Tower |
| 17:02 | Build | Farm |
| 17:13 | Create | Archer |
| 17:23 | Build | Farm |
| 18:16 | Research | Castle Age |
| 18:36 | Create | Archer |
| 18:36 | Create | Archer |
| 18:36 | Create | Archer |
| 18:37 | Create | Archer |
| 18:47 | Build | Mining Camp |
| 19:07 | Research | Gold Mining |
| 19:29 | Build | Palisade Wall |
| 19:38 | Create | Archer |
| 19:39 | Create | Archer |
| 20:28 | Build | Blacksmith |
| 20:56 | Age | Castle Age |
| 20:58 | Create | Villager (Male) |
| 20:59 | Create | Villager (Male) |
| 20:59 | Create | Villager (Male) |
| 21:00 | Create | Villager (Male) |
| 21:00 | Create | Villager (Male) |
| 21:06 | Research | Crossbowman (upgrade) |
| 21:33 | Research | Fletching |
| 21:39 | Create | Villager (Male) |
| 21:51 | Build | Town Center |
| 22:02 | Create | Villager (Male) |
| 22:05 | Create | Archer |
| 22:06 | Create | Archer |
| 22:06 | Create | Archer |
| 22:14 | Build | House |
| 22:26 | Research | Padded Archer Armor |
| 23:06 | Create | Villager (Male) |
| 23:10 | Research | Bow Saw |
| 23:16 | Create | Archer |
| 23:16 | Create | Archer |
| 23:17 | Create | Archer |
| 23:36 | Create | Villager (Male) |
| 23:37 | Create | Villager (Male) |
| 23:40 | Create | Archer |
| 23:40 | Create | Archer |
| 24:01 | Create | Archer |
| 24:02 | Create | Archer |
| 24:08 | Create | Villager (Male) |
| 24:09 | Create | Villager (Male) |
| 24:09 | Create | Villager (Male) |
| 24:22 | Build | House |
| 24:49 | Research | Bodkin Arrow |
| 25:12 | Create | Archer |
| 25:12 | Create | Archer |
| 25:35 | Create | Villager (Male) |
| 26:01 | Build | House |
| 26:08 | Research | Leather Archer Armor |
| 26:58 | Create | Archer |
| 26:58 | Create | Archer |
| 26:58 | Create | Archer |
| 27:50 | Build | Castle |
| 28:52 | Create | Villager (Male) |
| 28:52 | Create | Villager (Male) |
| 28:52 | Create | Villager (Male) |
| 28:53 | Create | Villager (Male) |
| 28:53 | Create | Villager (Male) |
| 28:53 | Create | Villager (Male) |
| 28:53 | Create | Villager (Male) |
| 29:22 | Create | Villager (Male) |
| 29:22 | Create | Villager (Male) |
| 29:23 | Create | Villager (Male) |
| 30:14 | Create | Archer |
| 30:14 | Create | Archer |
| 30:14 | Create | Archer |
| 30:15 | Create | Archer |
| 30:15 | Create | Archer |
| 30:43 | Create | Archer |
Build order — Ashen One
First 150 of 314 actions detected
| 0:02 | Create | Villager (Male) |
| 0:03 | Create | Villager (Male) |
| 0:03 | Create | Villager (Male) |
| 0:03 | Create | Villager (Male) |
| 0:03 | Create | Villager (Male) |
| 0:03 | Create | Villager (Male) |
| 0:03 | Create | Villager (Male) |
| 0:05 | Build | House |
| 0:07 | Build | House |
| 2:02 | Create | Villager (Male) |
| 2:32 | Create | Villager (Male) |
| 3:08 | Create | Villager (Male) |
| 3:26 | Build | Lumber Camp |
| 3:41 | Create | Villager (Male) |
| 4:21 | Create | Villager (Male) |
| 4:56 | Build | House |
| 5:13 | Create | Villager (Male) |
| 5:42 | Build | Mill |
| 5:45 | Create | Villager (Male) |
| 5:56 | Create | Villager (Male) |
| 6:29 | Create | Villager (Male) |
| 6:43 | Create | Villager (Male) |
| 7:14 | Create | Villager (Male) |
| 7:30 | Create | Villager (Male) |
| 8:04 | Create | Villager (Male) |
| 8:18 | Build | Barracks |
| 8:41 | Build | House |
| 9:01 | Build | Mining Camp |
| 9:12 | Build | Palisade Wall |
| 10:00 | Build | House |
| 10:21 | Build | House |
| 10:25 | Research | Feudal Age |
| 10:29 | Create | Militia |
| 10:36 | Research | Loom |
| 10:59 | Build | Palisade Wall |
| 11:31 | Build | House |
| 11:47 | Create | Militia |
| 11:48 | Create | Militia |
| 12:12 | Build | Mill |
| 12:26 | Create | Militia |
| 12:35 | Age | Feudal Age |
| 12:41 | Research | Man-at-Arms (upgrade) |
| 12:42 | Research | Arson |
| 13:03 | Build | Market |
| 13:22 | Create | Villager (Male) |
| 13:55 | Create | Villager (Male) |
| 14:02 | Build | Blacksmith |
| 14:28 | Build | Farm |
| 16:23 | Build | Watch Tower |
| 17:03 | Research | Castle Age |
| 17:07 | Build | House |
| 17:16 | Build | Farm |
| 17:38 | Build | Mining Camp |
| 17:50 | Build | Palisade Wall |
| 18:13 | Build | Farm |
| 18:14 | Build | Farm |
| 18:16 | Build | Farm |
| 18:28 | Build | Palisade Gate |
| 18:35 | Research | Forging |
| 18:52 | Build | Farm |
| 18:55 | Build | Farm |
| 19:07 | Build | Stable |
| 19:43 | Age | Castle Age |
| 19:46 | Build | Watch Tower |
| 20:10 | Research | Husbandry |
| 20:24 | Create | Villager (Male) |
| 20:37 | Build | Palisade Wall |
| 20:50 | Create | Knight |
| 21:13 | Build | Farm |
| 21:24 | Create | Knight |
| 21:48 | Create | Knight |
| 21:54 | Build | Farm |
| 22:21 | Build | Town Center |
| 22:30 | Create | Villager (Male) |
| 23:04 | Create | Villager (Male) |
| 23:13 | Create | Villager (Male) |
| 23:24 | Research | Scale Barding Armor |
| 23:29 | Create | Villager (Male) |
| 23:42 | Build | Palisade Wall |
| 23:51 | Create | Villager (Male) |
| 24:06 | Create | Knight |
| 24:26 | Create | Villager (Male) |
| 24:27 | Create | Villager (Male) |
| 24:47 | Create | Villager (Male) |
| 25:18 | Build | Farm |
| 26:41 | Create | Villager (Male) |
| 26:42 | Create | Villager (Male) |
| 26:48 | Build | Siege Workshop |
| 27:13 | Create | Villager (Male) |
| 27:13 | Create | Villager (Male) |
| 27:23 | Research | Double-Bit Axe |
| 27:44 | Create | Villager (Male) |
| 27:51 | Build | House |
| 28:54 | Create | Scorpion |
| 28:56 | Create | Scorpion |
| 29:08 | Build | House |
| 29:12 | Create | Villager (Male) |
| 29:12 | Create | Villager (Male) |
| 29:13 | Create | Villager (Male) |
| 29:18 | Create | Knight |
| 29:21 | Build | Farm |
| 29:56 | Build | Castle |
| 30:49 | Create | Villager (Male) |
| 30:54 | Research | Iron Casting |
| 31:00 | Create | Scorpion |
| 31:02 | Create | Scorpion |
| 31:08 | Research | Gold Mining |
| 31:23 | Build | Watch Tower |
| 31:51 | Research | Wheelbarrow |
| 31:53 | Create | Villager (Male) |
| 31:53 | Create | Villager (Male) |
| 32:02 | Create | Woad Raider |
| 32:27 | Build | Mining Camp |
| 32:58 | Build | Town Center |
| 33:14 | Create | Villager (Male) |
| 33:14 | Create | Villager (Male) |
| 33:22 | Build | Stone Wall |
| 33:34 | Research | Stone Mining |
| 33:50 | Create | Woad Raider |
| 33:50 | Create | Woad Raider |
| 33:57 | Build | Farm |
| 34:03 | Build | Farm |
| 34:09 | Create | Villager (Male) |
| 34:10 | Create | Villager (Male) |
| 34:15 | Build | Farm |
| 34:25 | Build | Farm |
| 34:32 | Create | Woad Raider |
| 34:32 | Create | Woad Raider |
| 34:50 | Build | Stone Wall |
| 35:11 | Build | Stone Wall |
| 35:20 | Create | Woad Raider |
| 35:21 | Create | Woad Raider |
| 35:21 | Create | Woad Raider |
| 35:21 | Create | Woad Raider |
| 35:21 | Create | Woad Raider |
| 35:38 | Build | Farm |
| 35:40 | Create | Scorpion |
| 35:41 | Create | Scorpion |
| 35:41 | Create | Scorpion |
| 36:21 | Build | Siege Workshop |
| 36:33 | Create | Woad Raider |
| 36:34 | Create | Woad Raider |
| 36:34 | Create | Woad Raider |
| 36:34 | Create | Woad Raider |
| 36:58 | Build | Mining Camp |
| 37:10 | Create | Villager (Male) |
| 37:10 | Create | Villager (Male) |
| 37:28 | Build | Town Center |
| 37:32 | Create | Woad Raider |
| 37:32 | Create | Woad Raider |
Build order — mano
First 150 of 315 actions detected
| 0:01 | Create | Villager (Male) |
| 0:03 | Build | House |
| 0:05 | Build | House |
| 0:21 | Create | Villager (Male) |
| 0:21 | Create | Villager (Male) |
| 0:21 | Create | Villager (Male) |
| 0:22 | Create | Villager (Male) |
| 1:48 | Build | Lumber Camp |
| 1:51 | Create | Villager (Male) |
| 2:04 | Create | Villager (Male) |
| 2:31 | Create | Villager (Male) |
| 2:59 | Create | Villager (Male) |
| 3:39 | Create | Villager (Male) |
| 4:16 | Build | House |
| 4:19 | Build | House |
| 4:26 | Create | Villager (Male) |
| 5:18 | Create | Villager (Male) |
| 5:41 | Create | Villager (Male) |
| 5:53 | Build | Mill |
| 6:15 | Create | Villager (Male) |
| 6:23 | Create | Villager (Male) |
| 6:48 | Create | Villager (Male) |
| 7:09 | Create | Villager (Male) |
| 7:43 | Create | Villager (Male) |
| 8:01 | Create | Villager (Male) |
| 8:22 | Create | Villager (Male) |
| 8:27 | Create | Villager (Male) |
| 8:35 | Build | Mill |
| 8:43 | Build | Barracks |
| 8:45 | Build | House |
| 9:09 | Build | Palisade Wall |
| 9:20 | Research | Feudal Age |
| 9:27 | Build | Mining Camp |
| 10:17 | Build | Palisade Wall |
| 10:26 | Build | Palisade Wall |
| 10:30 | Create | Villager (Male) |
| 10:57 | Build | Palisade Wall |
| 11:45 | Age | Feudal Age |
| 11:49 | Build | Archery Range |
| 12:17 | Create | Villager (Male) |
| 12:27 | Create | Spearman |
| 12:37 | Create | Villager (Male) |
| 12:37 | Create | Villager (Male) |
| 12:38 | Create | Villager (Male) |
| 12:46 | Build | Archery Range |
| 12:49 | Create | Archer |
| 13:01 | Create | Spearman |
| 13:06 | Create | Villager (Male) |
| 13:14 | Build | House |
| 13:54 | Build | House |
| 13:56 | Build | House |
| 14:00 | Build | House |
| 14:16 | Research | Loom |
| 14:33 | Build | Farm |
| 14:34 | Build | Farm |
| 14:41 | Create | Villager (Male) |
| 14:48 | Create | Archer |
| 14:50 | Create | Archer |
| 14:53 | Create | Villager (Male) |
| 15:00 | Create | Archer |
| 15:01 | Create | Archer |
| 15:32 | Create | Archer |
| 15:37 | Build | Farm |
| 15:38 | Build | Farm |
| 15:40 | Create | Villager (Male) |
| 15:48 | Create | Spearman |
| 16:11 | Create | Archer |
| 16:20 | Build | Blacksmith |
| 16:23 | Build | House |
| 16:30 | Create | Villager (Male) |
| 16:39 | Build | Mining Camp |
| 17:10 | Create | Villager (Male) |
| 17:20 | Create | Spearman |
| 17:35 | Create | Villager (Male) |
| 18:01 | Research | Fletching |
| 18:02 | Create | Villager (Male) |
| 18:21 | Create | Villager (Male) |
| 18:26 | Build | Farm |
| 18:26 | Build | Farm |
| 18:26 | Build | Farm |
| 18:27 | Build | Farm |
| 18:27 | Build | Farm |
| 18:27 | Build | Farm |
| 20:20 | Create | Villager (Male) |
| 20:44 | Build | Farm |
| 20:45 | Create | Villager (Male) |
| 22:39 | Research | Castle Age |
| 22:48 | Create | Spearman |
| 22:54 | Create | Spearman |
| 23:17 | Build | House |
| 23:19 | Build | House |
| 23:40 | Build | Palisade Wall |
| 23:55 | Build | Stone Wall |
| 24:02 | Research | Padded Archer Armor |
| 24:17 | Research | Double-Bit Axe |
| 24:49 | Build | House |
| 24:51 | Build | House |
| 24:54 | Build | House |
| 25:01 | Research | Gold Mining |
| 25:08 | Build | Lumber Camp |
| 25:19 | Age | Castle Age |
| 25:26 | Build | Castle |
| 25:44 | Build | Town Center |
| 25:58 | Create | Villager (Male) |
| 26:08 | Research | Bow Saw |
| 26:43 | Create | Villager (Male) |
| 26:59 | Create | Genoese Crossbowman |
| 27:06 | Create | Villager (Male) |
| 27:12 | Create | Genoese Crossbowman |
| 27:26 | Create | Genoese Crossbowman |
| 27:40 | Create | Genoese Crossbowman |
| 27:56 | Build | Stone Wall |
| 27:59 | Create | Genoese Crossbowman |
| 28:24 | Research | Bodkin Arrow |
| 28:30 | Create | Genoese Crossbowman |
| 28:30 | Create | Genoese Crossbowman |
| 28:42 | Build | Stone Wall |
| 28:44 | Create | Genoese Crossbowman |
| 28:47 | Create | Villager (Male) |
| 28:52 | Build | Farm |
| 28:54 | Build | Farm |
| 28:55 | Build | Farm |
| 29:12 | Build | Stone Wall |
| 29:16 | Create | Genoese Crossbowman |
| 30:30 | Create | Villager (Male) |
| 30:35 | Research | Wheelbarrow |
| 30:51 | Build | Town Center |
| 31:09 | Create | Genoese Crossbowman |
| 31:13 | Create | Genoese Crossbowman |
| 31:15 | Create | Villager (Male) |
| 31:15 | Create | Villager (Male) |
| 31:18 | Build | Farm |
| 31:20 | Research | Horse Collar |
| 31:29 | Build | Stone Wall |
| 31:39 | Build | Stone Wall |
| 31:42 | Create | Genoese Crossbowman |
| 31:44 | Create | Villager (Male) |
| 31:47 | Build | Farm |
| 31:50 | Create | Villager (Male) |
| 31:57 | Create | Genoese Crossbowman |
| 31:59 | Create | Villager (Male) |
| 32:16 | Build | Stone Wall |
| 32:50 | Build | Farm |
| 32:52 | Build | Farm |
| 32:57 | Create | Villager (Male) |
| 33:08 | Create | Genoese Crossbowman |
| 33:20 | Research | Thumb Ring |
| 33:27 | Build | University |
| 33:30 | Create | Villager (Male) |
| 33:49 | Create | Genoese Crossbowman |
Match timeline
| 7:52 | 7928adam · wall_segment Palisade Wall x5 |
| 7:58 | wdimateo · first_building Barracks |
| 8:18 | Ashen One · first_building Barracks |
| 8:43 | mano · first_building Barracks |
| 8:53 | 7928adam · first_building Barracks |
| 8:57 | wdimateo · wall_segment Palisade Wall x14 |
| 9:09 | mano · wall_segment Palisade Wall x9 |
| 9:12 | Ashen One · wall_segment Palisade Wall x1 |
| 9:18 | 7928adam · wall_segment Palisade Wall x5 |
| 9:37 | 7928adam · wall_segment Palisade Wall x7 |
| 9:58 | wdimateo · age_up feudal |
| 10:06 | wdimateo · first_building Archery Range |
| 10:09 | 7928adam · age_up feudal |
| 10:13 | 7928adam · first_building Stable |
| 10:17 | mano · wall_segment Palisade Wall x12 |
| 10:26 | mano · wall_segment Palisade Wall x10 |
| 10:46 | 7928adam · wall_segment Palisade Wall x3 |
| 10:51 | 7928adam · wall_segment Palisade Wall x4 |
| 10:57 | mano · wall_segment Palisade Wall x12 |
| 10:59 | Ashen One · wall_segment Palisade Wall x8 |
| 11:45 | mano · age_up feudal |
| 11:49 | mano · first_building Archery Range |
| 12:20 | wdimateo · wall_segment Palisade Wall x7 |
| 12:35 | Ashen One · age_up feudal |
| 17:50 | Ashen One · wall_segment Palisade Wall x7 |
| 19:07 | Ashen One · first_building Stable |
| 19:29 | wdimateo · wall_segment Palisade Wall x20 |
| 19:43 | Ashen One · age_up castle |
| 20:37 | Ashen One · wall_segment Palisade Wall x19 |
| 20:46 | 7928adam · age_up castle |
| 20:56 | wdimateo · age_up castle |
| 21:16 | 7928adam · first_market_sell 100 wood |
| 22:57 | 7928adam · wall_segment Palisade Wall x1 |
| 23:40 | mano · wall_segment Palisade Wall x8 |
| 23:42 | Ashen One · wall_segment Palisade Wall x24 |
| 23:55 | mano · wall_segment Stone Wall x8 |
| 24:51 | 7928adam · wall_segment Palisade Wall x6 |
| 25:19 | mano · age_up castle |
| 25:20 | wdimateo · first_market_sell 100 wood |
| 25:23 | wdimateo · first_market_buy 100 stone |
| 25:26 | mano · first_building Castle |
| 26:48 | Ashen One · first_building Siege Workshop |
| 27:50 | wdimateo · first_building Castle |
| 27:56 | mano · wall_segment Stone Wall x9 |
| 28:42 | mano · wall_segment Stone Wall x7 |
| 29:12 | mano · wall_segment Stone Wall x12 |
| 29:56 | Ashen One · first_building Castle |
| 31:29 | mano · wall_segment Stone Wall x10 |
| 31:39 | mano · wall_segment Stone Wall x12 |
| 32:02 | 7928adam · first_building Archery Range |
| 32:16 | mano · wall_segment Stone Wall x9 |
| 32:34 | Ashen One · first_market_buy 100 wood |
| 33:22 | Ashen One · wall_segment Stone Wall x6 |
| 34:06 | 7928adam · first_building Monastery |
| 34:50 | Ashen One · wall_segment Stone Wall x9 |
| 35:11 | Ashen One · wall_segment Stone Wall x13 |
| 37:03 | 7928adam · first_building Castle |
| 38:28 | Ashen One · wall_segment Stone Wall x29 |
| 40:59 | mano · wall_segment Stone Wall x2 |
| 41:41 | 7928adam · age_up imperial |
| 43:07 | wdimateo · age_up imperial |
| 43:50 | Ashen One · first_market_sell 100 wood |
| 44:19 | mano · age_up imperial |
| 45:44 | mano · first_building Siege Workshop |
| 47:04 | Ashen One · age_up imperial |
| 47:56 | 7928adam · wall_segment Stone Wall x28 |
| 48:12 | 7928adam · wall_segment Stone Wall x10 |
| 48:15 | 7928adam · wall_segment Stone Wall x19 |
| 49:11 | 7928adam · first_building Siege Workshop |
| 52:42 | mano · wall_segment Stone Wall x9 |
| 52:52 | mano · first_market_sell 100 food |
| 58:17 | wdimateo · resign |
[ AI ANALYSIS · 1 CREDIT ]
What really happened in this match?
Wolo.gg analyzes every decision: build order, eco, micro, common mistakes by bracket. Personalized analysis on WhatsApp or Discord in 30 seconds.
Civ guide
Franks
Perfil
Jugador #23990710